 Dungeon Crawl Stone Soup version 0.30-a0-840-ga523dec638 (webtiles) character file.

Game seed: 14230275223809284197

68 avis the Slasher (level 3, -3/30 HPs)
             Began as a Demigod Warper on Mar 1, 2023.
             Slain by a gnoll
             ... wielding a +0 flail
              (13 damage)
             ... on level 2 of the Dungeon on Mar 2, 2023.
             The game lasted 00:08:29 (1536 turns).

avis the Slasher (Demigod Warper)                   Turns: 1536, Time: 00:08:29

Health: -3/30      AC:  3    Str: 12    XL:     3   Next: 73%
Magic:  6/8        EV: 12    Int: 15    God:
Gold:   25         SH:  0    Dex: 17    Spells: 3/5 levels left

rFire   . . .      SeeInvis .    a - +0 falchion
rCold   . . .      Faith    .    (no shield)
rNeg    + . .      Spirit   .    b - +0 leather armour
rPois   .          Reflect  .    (no helmet)
rElec   .          Harm     .    (no cloak)
rCorr   .          Rampage  .    (no gloves)
Will    .....                    (no boots)
Stlth   +                        (no amulet)
HPRegen 0.25/turn                j - ring of positive energy
MPRegen 0.11/turn                (no ring)

@: very slightly contaminated
A: high MP 1, forlorn, divine attributes
a: no special abilities


You were on level 2 of the Dungeon.
You visited 1 branch of the dungeon, and saw 2 of its levels.

You collected 25 gold pieces.

Inventory:

Hand Weapons
 a - a +0 falchion (weapon)
 h - a +0 antimagic short sword
Missiles
 d - 7 boomerangs of dispersal (quivered)
Armour
 b - a +0 leather armour (worn)
 g - a +0 chain mail
Jewellery
 j - a ring of positive energy (left hand)
Wands
 l - a wand of polymorph (4)
Scrolls
 c - 4 scrolls of blinking
 f - a scroll of poison {unknown}
 i - a scroll of torment {unknown}
 k - a scroll of identify {unknown}
 n - a scroll of enchant armour {unknown}
Potions
 e - a potion of heal wounds
 m - a potion of brilliance {unknown}


   Skills:
 * Level 2.8 Fighting
 - Level 3.0 Long Blades
 - Level 0.9 Throwing
 - Level 0.9 Armour
 - Level 2.0 Dodging
 - Level 1.8 Spellcasting
 - Level 2.7 Translocations


You had 3 spell levels left.
You knew the following spells:

 Your Spells              Type           Power      Damage    Failure   Level
b - Blink                 Tloc           18%        N/A       14%         2

Your spell library contained the following spells:

 Spells                   Type           Power      Damage    Failure   Level
 Lesser Beckoning         Tloc           18%        N/A       14%         2
 Teleport Other           Tloc           9%         N/A       28%         3
 Cigotuvi's Dreadful Rot  Necr/Pois/Air  2%         N/A       41%         2
 Poisonous Vapours        Pois/Air       2%         N/A       41%         2
 Vhi's Electric Charge    Tloc/Air       10%        N/A       45%         3
 Mephitic Cloud           Conj/Pois/Air  1%         N/A       65%         3
 Manifold Assault         Tloc           9%         N/A       67%         4
 Silence                  Hex/Air        0%         N/A       100%        5
 Conjure Ball Lightning   Conj/Air       0%         3x3d6     100%        6
 Dispersal                Tloc           4%         N/A       100%        6


Dungeon Overview and Level Annotations

Branches:
Dungeon (2/15)


Innate Abilities, Weirdness & Mutations

You have an increased reservoir of magic. (+10% MP)
You shall have no god before yourself.
Your divine heritage dramatically boosts your attributes as you level up.


Message History

The bat barely misses you. The bat attacks as you move away!
The bat misses you. The bat closely misses you.
The bat hits you but does no damage. The bat closely misses you.
The bat completely misses you. The bat hits you but does no damage.
The bat closely misses you. The bat attacks as you move away!
The bat hits you. x2
You hit the bat.
You kill the bat!
You barely miss the gnoll. The gnoll hits you with a +0 flail!
The gnoll attacks as you move away! The gnoll barely misses you.
There is an open door here.
The gnoll attacks as you move away! The gnoll completely misses you.
There is an open door here.
The gnoll attacks as you move away! The gnoll barely misses you.
The gnoll attacks as you move away! The gnoll closely misses you.
The gnoll attacks as you move away! The gnoll hits you with a +0 flail.
The gnoll attacks as you move away! The gnoll hits you with a +0 flail.
The gnoll attacks as you move away! The gnoll hits you with a +0 flail!
* * * LOW HITPOINT WARNING * * *
The gnoll attacks as you move away! The gnoll closely misses you.
You see here a +0 spear.
There is an open door here.
The gnoll attacks as you move away! The gnoll barely misses you.
The gnoll attacks as you move away! The gnoll hits you with a +0 flail.
* * * LOW HITPOINT WARNING * * *
You see here a +0 hand axe.
The gnoll attacks as you move away! The gnoll hits you but does no damage.
The gnoll attacks as you move away! The gnoll hits you with a +0 flail.
* * * LOW HITPOINT WARNING * * *
The gnoll attacks as you move away! The gnoll closely misses you.
The gnoll attacks as you move away! The gnoll misses you.
The gnoll attacks as you move away! The gnoll closely misses you.
Casting: Blink (safe; 14% risk of failure)
Confirm with . or Enter, or press ? or * to list all spells.
You miscast Blink.
You are very lightly contaminated with residual magic.
Nothing appears to happen.
The gnoll hits you with a +0 flail!
You die...

#.###.# #.... #.#...#
#.### #.#.#### #.###
#......# #.#..
###.##.# #######.#.#
#.##.# #.....#.#>#
#..#)# #...g.'.)..
#####g#g###.....#.#.#
#...@.#....g....#.#..
#.....######.##.#.###
#..........#....#....
#.....^.#############
#....................
#...<...#############
#.......# # #.......#
##### #...<#### #...'


You could see a gnoll.

Vanquished Creatures
  Jessica (D:2)
  2 adders (D:2)
  2 dart slugs
  5 bats (D:2)
  An endoplasm (D:1)
  A giant cockroach (D:2)
  2 hobgoblins
  A quokka (D:1)
  2 ball pythons
  2 frilled lizards (D:1)
  2 kobolds
  2 rats (D:1)
23 creatures vanquished.

Notes
Turn   | Place    | Note
-------+----------+-------------------------------------------
     0 | D:1      | avis the Demigod Warper began the quest for the Orb.
     0 | D:1      | Reached XP level 1. HP: 17/17 MP: 5/5
   263 | D:1      | Reached skill level 2 in Long Blades
   448 | D:1      | Got the Precepts of Translocation and Ozone
   529 | D:1      | Reached XP level 2. HP: 22/24 MP: 7/7
  1103 | D:2      | Noticed Jessica
  1113 | D:2      | Killed Jessica
  1114 | D:2      | Reached skill level 3 in Long Blades
  1114 | D:2      | Reached XP level 3. HP: 19/29 MP: 8/8
  1157 | D:2      | Learned a level 2 spell: Blink
  1536 | D:2      | Slain by a gnoll

Illustrated notes

Levels and vault maps discovered:
D:1:      scummos_arrival_star, layout_basic, basic_ecumenical_altar
D:2:      minmay_evil_eye, layout_basic, basic_altar, uniq_jessica

Skill      XL: |  1  2 |
---------------+-------+-----
Fighting       | 2 |  2.8
Long Blades    | 2 3 |  3.0
Dodging        | 2 |  2.0
Throwing       | |  0.9
Armour         | |  0.9
Spellcasting   | |  1.8
Translocations | |  2.7

Action                     || total
---------------------------++-------
  Melee: Falchion          ||    94
    Use: Potion            ||     1
 Armour: Leather armour    ||    43
  Dodge: Dodged            ||    66

Table legend: (Time is in decaauts)
 A = Elapsed time spent in this place.
 B = Non-inter-level travel time spent in this place.
 C = Inter-level travel time spent in this place.
 D = Time resting spent in this place.
 E = Time spent auto-exploring this place.
 F = Levels seen in this place.
 G = Mean time per level.
                   A        B        C        D        E       F      G
               +--------+--------+--------+--------+--------+-----+--------+
         Total |   1553 |   1484 |     69 |    210 |    895 |   2 |  776.5 |
       Dungeon |   1553 |   1484 |     69 |    210 |    895 |   2 |  776.5 |
               +--------+--------+--------+--------+--------+-----+--------+

Top non-repeatable levels by time:
     D:1: 917 daAuts
     D:2: 636 daAuts
